 Dungeon Crawl Stone Soup version 0.29-a0-92-gee772dd00f (webtiles) character file.

Game seed: 8544460736128835996

404 drugrobin the Grasshopper (level 6, -2/48 HPs)
             Began as a Demigod Warper on Feb 10, 2022.
             Slain by a shadow imp (4 damage)
             ... summoned by Natasha
             ... on level 4 of the Dungeon.
             The game lasted 00:14:03 (5964 turns).

drugrobin the Grasshopper (Demigod Warper)          Turns: 5964, Time: 00:14:04

Health: -2/48      AC:  4    Str: 16    XL:     6   Next: 30%
Magic:  11/11      EV: 12    Int: 15    God:
Gold:   228        SH:  0    Dex: 17    Spells: 3/8 levels left

rFire   . . .      SeeInvis .   a - +1 spear (vorpal)
rCold   . . .      Faith    .   (no shield)
rNeg    . . .      Spirit   .   o - +0 leather armour
rPois   .          Reflect  .   (no helmet)
rElec   .          Harm     .   (no cloak)
rCorr   .          Rampage  .   s - +0 pair of gloves
Will    .....                   (no boots)
Stlth   +.........              (no amulet)
HPRegen 0.16/turn               (no ring)
MPRegen 0.12/turn               (no ring)

@: slowed, very slow
A: high MP 1, forlorn, divine attributes
a: no special abilities


You were on level 4 of the Dungeon.
You visited 1 branch of the dungeon, and saw 5 of its levels.

You collected 228 gold pieces.

Inventory:

Hand Weapons
 a - a +1 vorpal spear (weapon)
 b - a +0 hunting sling
 g - a +0 spear
 h - a +0 trident
Missiles
 d - 5 boomerangs of dispersal
 e - 264 stones
 i - 4 poisoned darts (quivered)
 m - 9 sling bullets
Armour
 o - a +0 leather armour (worn)
 s - a +0 pair of gloves (worn)
 w - a +3 ring mail
Wands
 t - a wand of paralysis (9)
 v - a wand of digging (5)
Scrolls
 f - 3 scrolls of identify
 j - a scroll of teleportation {unknown}
 k - a scroll of immolation {unknown}
 l - a scroll of fog {unknown}
 n - a scroll of vulnerability {unknown}
 q - a scroll of enchant armour {unknown}
 u - a scroll of fear {unknown}
Potions
 p - a potion of might {unknown}
 r - a potion of heal wounds


   Skills:
 - Level 1.7 Fighting
 + Level 4.7 Polearms
 - Level 0.8 Throwing
 - Level 0.8 Armour
 - Level 1.7 Dodging
 - Level 1.7 Spellcasting
 + Level 5.1 Translocations


You had 3 spell levels left.
You knew the following spells:

 Your Spells              Type           Power      Damage    Failure   Level
a - Blink                 Tloc           32%        N/A       4%          2
b - Teleport Other        Tloc           16%        N/A       10%         3

Your spell library contained the following spells:

 Spells                   Type           Power      Damage    Failure   Level
 Gell's Gravitas          Tloc           16%        N/A       10%         3
 Lesser Beckoning         Tloc           16%        N/A       10%         3
 Conjure Flame            Conj/Fire      1%         6-21      63%         3
 Ignite Poison            Fire/Tmut/Pois 1%         N/A       63%         3
 Manifold Assault         Tloc           16%        N/A       67%         5
 Sticky Flame             Conj/Fire      1%         2d3       95%         4


Dungeon Overview and Level Annotations

Branches:
Dungeon (5/15)
 Temple: D:4-7

Annotations:
D:2 1 runed translucent door, exclusion: door, Crazy Yiuf
D:4 Natasha


Innate Abilities, Weirdness & Mutations

You have an increased reservoir of magic. (+10% MP)
You shall have no god before yourself.
Your divine heritage dramatically boosts your attributes as you level up.


Message History

The white imp gestures at you. The puff of frost hits you!
* * * LOW HITPOINT WARNING * * *
Natasha mumbles some strange words.
Unknown command.
Unknown command.
Okay, then.
Unknown command.
You feel much better. The white imp gestures at you.
The puff of frost hits you. Natasha closely misses you.
The shadow imp hits you.
The white imp hits you but does no damage.
Unknown command.
Unknown command.
Aiming: Paralyse
Press: ? - help, Shift-Dir - straight line, f/p - Natasha
Aim: Natasha (lightly wounded, chance to affect: 49%) Natasha resists with some effort.
The white imp grinds its teeth.
Natasha claws you but does no damage. The shadow imp hits you.
The white imp hits you. The white imp freezes you.
The white imp hits you but does no damage.
Natasha completely misses you. The shadow imp hits you.
* * * LOW HITPOINT WARNING * * *
Unknown command.
Unknown command.
Aiming: Paralyse
Press: ? - help, Shift-Dir - straight line, f/p - Natasha
Aim: Natasha (lightly wounded, chance to affect: 49%) Natasha resists with some effort.
The white imp hits you.
* * * LOW HITPOINT WARNING * * *
The white imp freezes you.
* * * LOW HITPOINT WARNING * * *
The white imp hits you.
* * * LOW HITPOINT WARNING * * *
The white imp freezes you.
* * * LOW HITPOINT WARNING * * *
Natasha barely misses you. The shadow imp hits you.
You die...

#...#..##.###..## ##
#...............# .#
##....>...###....# .###
##...........#...##
.#.###..........#....#
.....#.####...###....#
.......#####..#......#
..#...)...#..<.5..####
...##.....#....5@..#
..##..#........h5..#
.###.###...###.....##
#.#...##............##
........(...##....#..##
..##........#.....#...#
####.....(............####
#..................###.###
#.#..................#...#


You could see Natasha, 2 white imps and a shadow imp (summoned).

Vanquished Creatures
  A jelly (D:4)
  2 hounds (D:4)
  A centaur skeleton (D:5)
  Natasha (twice) (D:4)
  An orc wizard (D:4)
  A hound skeleton (D:4)
  3 gnolls (D:3)
  7 adders
  A dart slug (D:3)
  2 orcs (D:4)
  7 endoplasms
  5 giant cockroaches
  8 hobgoblins
  5 jackals
  8 kobolds
  4 quokkas
  7 ball pythons
  7 bats
  14 goblins
  28 rats
114 creatures vanquished.

Notes
Turn   | Place    | Note
-------+----------+-------------------------------------------
     0 | D:1      | drugrobin the Demigod Warper began the quest for the Orb.
     0 | D:1      | Reached XP level 1. HP: 17/17 MP: 5/5
   337 | D:1      | Reached skill level 3 in Translocations
   425 | D:1      | Reached XP level 2. HP: 17/24 MP: 7/7
   528 | D:1      | Learned a level 2 spell: Blink
  1653 | D:2      | Reached XP level 3. HP: 26/29 MP: 8/8
  2044 | D:2      | Reached XP level 4. HP: 29/36 MP: 9/9
  2161 | D:2      | Learned a level 3 spell: Teleport Other
  2483 | D:2      | Found a runed translucent door.
  2484 | D:2      | Noticed Crazy Yiuf
  3034 | D:3      | Reached skill level 4 in Translocations
  4021 | D:4      | Reached XP level 5. HP: 36/41 MP: 10/10
  4069 | D:4      | Noticed an ice beast
  4087 | D:4      | Noticed a black bear
  4810 | D:4      | Reached XP level 6. HP: 45/48 MP: 11/11
  4860 | D:4      | Noticed Natasha
  4862 | D:4      | Killed Natasha
  4863 | D:4      | Reached skill level 5 in Translocations
  4933 | D:4      | Noticed Natasha
  4938 | D:4      | Killed Natasha
  5663 | D:5      | Entered Level 5 of the Dungeon
  5945 | D:4      | Noticed Natasha
  5964 | D:4      | HP: 2/48 [white imp[Natasha] (3)]
  5964 | D:4      | Slain by a shadow imp

Illustrated notes

Levels and vault maps discovered:
D:1:      dpeg_arrival_castle, layout_basic
D:2:      cheibrodos_greedy_goblins, layout_loops_ring, minmay_rat_hole,
          uniq_crazy_yiuf_cottage
D:3:      layout_rooms, minivault_24, minmay_cupped
D:4:      minmay_chambers_of_twos, layout_cave_pools, minmay_box_of_dots,
          uniq_natasha
D:5:      layout_loops_ring

Skill      XL: |  1  2  3  4  5  6 |
---------------+-------------------+-----
Polearms       | 2 3 4 |  4.7
Translocations | 3 4 5 |  5.1
Fighting       | |  1.7
Throwing       | |  0.8
Armour         | |  0.8
Dodging        | |  1.7
Spellcasting   | |  1.7

Action                   |  1- 3 |  4- 6 || total
-------------------------+-------+-------++-------
Melee: Spear             |   110 |   219 ||   329
       Trident           |     5 |       ||     5
       Punch             |       |     2 ||     2
 Fire: Hunting sling     |    10 |    15 ||    25
Throw: Stone             |    11 |     1 ||    12
       Dart              |       |     6 ||     6
 Cast: Blink             |       |    17 ||    17
       Teleport Other    |       |     3 ||     3
Evoke: Wand              |       |     3 ||     3
  Use: Potion            |       |     3 ||     3
       Scroll            |       |     2 ||     2
 Stab: Sleeping          |       |     2 ||     2
       Paralysed         |       |     3 ||     3
Armor: Leather armour    |    14 |    55 ||    69
       Skin              |       |     2 ||     2
Dodge: Dodged            |    43 |    99 ||   142

Table legend: (Time is in decaauts)
 A = Elapsed time spent in this place.
 B = Non-inter-level travel time spent in this place.
 C = Inter-level travel time spent in this place.
 D = Time resting spent in this place.
 E = Time spent auto-exploring this place.
 F = Levels seen in this place.
 G = Mean time per level.
                   A        B        C        D        E       F      G
               +--------+--------+--------+--------+--------+-----+--------+
         Total |   5953 |   5726 |    227 |   1227 |   2953 |   5 | 1190.6 |
       Dungeon |   5953 |   5726 |    227 |   1227 |   2953 |   5 | 1190.6 |
               +--------+--------+--------+--------+--------+-----+--------+

Top non-repeatable levels by time:
     D:1: 1612 daAuts
     D:4: 1462 daAuts
     D:2: 1360 daAuts
     D:3: 1328 daAuts
     D:5: 189 daAuts
